 Dungeon Crawl Stone Soup version 0.30-a0-465-g8901f6c8b5 (webtiles) character file.

Game seed: 11812760965413021780

753 themarg the Conjurer (level 7, 0/50 HPs)
             Began as a Black Draconian Conjurer on Dec 19, 2022.
             Slain by a mummy (17 damage)
             ... in an ossuary.
             The game lasted 00:12:59 (4500 turns).

themarg the Conjurer (Black Draconian Conjurer)     Turns: 4500, Time: 00:13:00

Health: 0/50       AC:  6    Str:  9    XL:     7   Next: 49%
Magic:  2/14       EV: 12    Int: 20    God:
Gold:   161        SH:  0    Dex: 10    Spells: 13/16 levels left

rFire   . . .      SeeInvis .    j - +0 hand axe (venom)
rCold   . . .      Faith    .    (no shield)
rNeg    . . .      Spirit   .    (body armour unavailable)
rPois   .          Reflect  .    (helmet restricted)
rElec   +          Harm     .    (no cloak)
rCorr   .          Rampage  .    (no gloves)
Will    .....                    (no boots)
Stlth   ++........               p - amulet of magic regeneration
HPRegen 0.28/turn                (no ring)
MPRegen 0.54/turn                (no ring)

@: no status effects
A: breathe lightning, AC +6, unfitting armour, electricity resistance,
cold-blooded
a: Breathe Lightning


You were in an ossuary.
You visited 1 branch of the dungeon, and saw 4 of its levels.
You also visited: Ossuary.

You collected 161 gold pieces.

Inventory:

Hand Weapons
 j - a +0 hand axe of venom (weapon)
Missiles
 d - 21 stones
 q - 5 poisoned darts
 r - 5 javelins
Jewellery
 e - an amulet of reflection
 m - an amulet of guardian spirit
 p - an amulet of magic regeneration (around neck)
Scrolls
 b - a scroll of fear {unknown}
 c - 3 scrolls of noise
 g - 2 scrolls of teleportation
 h - a scroll of enchant armour
 s - 2 scrolls of brand weapon {unknown}
Potions
 a - a potion of magic
 f - 3 potions of curing
 i - 2 potions of brilliance {unknown}
 k - 3 potions of flight
 n - 2 potions of might {unknown}
 o - a potion of heal wounds {unknown}
 t - a potion of mutation {unknown}
 u - a potion of invisibility {unknown}


   Skills:
 - Level 1.7 Dodging
 - Level 3.0 Stealth
 - Level 5.0 Spellcasting
 + Level 7.4 Conjurations


You had 13 spell levels left.
You knew the following spells:

 Your Spells              Type           Power      Damage    Failure   Level
a - Magic Dart            Conj           100%       1d8       1%          1
b - Searing Ray           Conj           68%        2d6       1%          2

Your spell library contained the following spells:

 Spells                   Type           Power      Damage    Failure   Level
 Foxfire                  Conj/Fire      76%        2x1d7     2%          1
 Dazzling Flash           Conj/Hex       38%        N/A       8%          3
 Fulminant Prism          Conj/Hex       9%         3d7       26%         4
 Iskenderun's Mystic Bla  Conj/Tloc      19%        2d6       26%         4
 Fireball                 Conj/Fire      9%         3d6       56%         5
 Starburst                Conj/Fire      9%         6d5       98%         6


Dungeon Overview and Level Annotations

Branches:
Dungeon (4/15)            Ossuary (1/1)
 Temple: D:4-7

Altars:
Elyvilon
Yredelemnul

Shops:
D:2 =


Innate Abilities, Weirdness & Mutations

You can breathe wild blasts of lightning.
Your glossy black scales are hard. (AC +6)
You cannot fit into any form of body armour.
You are resistant to electric shocks. (rElec)
You are cold-blooded and may be slowed by cold attacks.


Message History

You finish channelling your searing ray.
Casting: Searing Ray (safe; 1% risk of failure)
Confirm with . or Enter, or press ? or * to list all spells.
Aiming: Searing Ray (safe; 1% risk of failure)
Press: ? - help, Shift-Dir - straight line, f - Menkaure
Aim: Menkaure (almost destroyed, fast, 91% to hit)
The searing ray hits Menkaure!
You destroy Menkaure!
The searing ray hits the mummy.
The mummy is moderately damaged. (Press . to maintain the ray.)
Your Conjurations skill increases to level 7!
The searing ray hits the mummy.
The mummy is heavily damaged.
The searing ray misses the mummy.
The searing ray hits the mummy.
The mummy is severely damaged.
You finish channelling your searing ray.
Casting: Searing Ray (safe; 1% risk of failure)
Confirm with . or Enter, or press ? or * to list all spells.
Aiming: Searing Ray (safe; 1% risk of failure)
Press: ? - help, Shift-Dir - straight line, f - mummy
Aim: a mummy (severely damaged, 91% to hit)
The searing ray hits the mummy!
You destroy the mummy! (Press . to maintain the ray.)
The searing ray misses the mummy.
You finish channelling your searing ray.
Casting: Searing Ray (safe; 1% risk of failure)
Confirm with . or Enter, or press ? or * to list all spells.
Aiming: Searing Ray (safe; 1% risk of failure)
Press: ? - help, Shift-Dir - straight line, f - mummy
Aim: a mummy (91% to hit)
The searing ray hits the mummy.
The mummy is moderately damaged. (Press . to maintain the ray.)
The searing ray hits the mummy.
The mummy is moderately damaged.
The mummy hits you!
You die...

#..###....#....M....#....###.
#..'.#########'###########.#.
#..#.#....#....#....#....#.#.
#..#.'....#....#....#....#.'.
#..###....#....#....#....###.
#..'.#....#....#....#....#.#.
#..#.#######'####'######'#.#.
#..#...#...#M..#...#...#...#.
#..#####'###@###'###'###'###.
#............................
#∩...........................
#############################


You could see a mummy.

Vanquished Creatures
  Grinder (D:3)
  Menkaure (Ossuary)
  A phantom (D:4)
  An elf zombie (Ossuary)
  2 centaur zombies (Ossuary)
  3 ogre zombies (Ossuary)
  5 mummies (Ossuary)
  3 adders
  2 adder zombies (Ossuary)
  A worm (D:3)
  3 orcs (D:3)
  6 ball pythons
  3 endoplasms
  A giant cockroach (D:1)
  5 goblins
  7 hobgoblins
  A jackal (D:1)
  4 quokkas
  4 bats
  5 frilled lizards
  4 goblin zombies (Ossuary)
  4 hobgoblin zombies (Ossuary)
  A kobold (D:1)
  5 kobold zombies (Ossuary)
  An orc zombie (Ossuary)
  6 quokka zombies (Ossuary)
  2 rat zombies (Ossuary)
82 creatures vanquished.

Vanquished Creatures (others)
  A plant (D:4)
1 creature vanquished.

Grand Total: 83 creatures vanquished

Notes
Turn   | Place    | Note
-------+----------+-------------------------------------------
     0 | D:1      | themarg the Draconian Conjurer began the quest for the Orb.
     0 | D:1      | Reached XP level 1. HP: 14/14 MP: 3/3
   322 | D:1      | Reached XP level 2. HP: 20/20 MP: 0/5
   325 | D:1      | Learned a level 2 spell: Searing Ray
  1390 | D:2      | Reached XP level 3. HP: 26/26 MP: 0/6
  1722 | D:2      | Found Gaboit's Jewellery Shop.
  2443 | D:3      | Noticed Grinder
  2895 | D:3      | Reached XP level 4. HP: 33/33 MP: 6/8
  3268 | D:3      | Found a white marble altar of Elyvilon.
  3328 | D:3      | Killed Grinder
  3329 | D:3      | Reached skill level 5 in Conjurations
  3329 | D:3      | Reached XP level 5. HP: 36/38 MP: 4/11
  3329 | D:3      | Reached XP level 6. HP: 43/45 MP: 4/12
  3333 | D:3      | Found a basalt altar of Yredelemnul.
  3570 | D:4      | Found a sand-covered staircase.
  3575 | Ossuary  | Entered an ossuary
  3722 | Ossuary  | Reached skill level 6 in Conjurations
  4172 | Ossuary  | Reached skill level 5 in Spellcasting
  4172 | Ossuary  | Your scales start taking on a glossy black colour.
  4172 | Ossuary  | Reached XP level 7. HP: 50/50 MP: 9/14
  4172 | Ossuary  | Gained mutation: You are resistant to electric shocks.
                  | (rElec) [Black Draconian growth]
  4469 | Ossuary  | Noticed Menkaure
  4491 | Ossuary  | Killed Menkaure
  4492 | Ossuary  | Reached skill level 7 in Conjurations
  4500 | Ossuary  | Slain by a mummy

Illustrated notes

Levels and vault maps discovered:
D:1:      dpeg_arrival_renting, layout_basic, minmay_surrounded
D:2:      layout_basic, serial_shops, nicolae_shop_statue_plus
D:3:      layout_basic, kennysheep_ying_yang, uniq_grinder
D:4:      layout_gridville, mainiacjoe_overflow_chevrons, old_standard_altar,
          nicolae_ossuary_entry_plus, uniq_duvessa, uniq_blork_the_orc
Ossuary:  ossuary_boxes_badplayer

Skill      XL: |  1  2  3  4  5  6  7 |
---------------+----------------------+-----
Stealth        | 2 3 |  3.0
Spellcasting   | 4 5 |  5.0
Conjurations   | 5 6 7 |  7.4
Dodging        | |  1.7

Action                   |  1- 3 |  4- 6 |  7- 9 || total
-------------------------+-------+-------+-------++-------
Melee: Unarmed           |     4 |       |       ||     4
       Long sword        |     7 |       |       ||     7
       Hand axe          |     3 |    22 |    11 ||    36
       Tailslap          |       |     5 |     4 ||     9
 Cast: Magic Dart        |    62 |     7 |       ||    69
       Searing Ray       |     4 |    28 |     9 ||    41
  Use: Scroll            |       |     5 |       ||     5
 Stab: Sleeping          |       |     1 |     1 ||     2
Armor: Skin              |     6 |    19 |     4 ||    29
Dodge: Dodged            |    17 |    29 |    14 ||    60
Block: Other             |     1 |       |       ||     1

Table legend: (Time is in decaauts)
 A = Elapsed time spent in this place.
 B = Non-inter-level travel time spent in this place.
 C = Inter-level travel time spent in this place.
 D = Time resting spent in this place.
 E = Time spent auto-exploring this place.
 F = Levels seen in this place.
 G = Mean time per level.
                   A        B        C        D        E       F      G
               +--------+--------+--------+--------+--------+-----+--------+
         Total |   4512 |   4042 |    470 |    766 |   2453 |   5 |  902.4 |
       Dungeon |   3578 |   3108 |    470 |    216 |   2453 |   4 |  894.5 |
       Ossuary |    934 |    934 |      0 |    550 |      0 |   1 |  934.0 |
               +--------+--------+--------+--------+--------+-----+--------+

Top non-repeatable levels by time:
     D:1: 1366 daAuts
     D:2: 1201 daAuts
     D:3: 960 daAuts
 Ossuary: 934 daAuts
     D:4: 49 daAuts
